 Dungeon Crawl Stone Soup version 0.24-a0-422-g9eff3895ba (webtiles) character file.

Game seed: 4010286029365309419

42 Inarius the Slasher (level 3, 0/33 HPs)
             Began as a Minotaur Chaos Knight on June 12, 2019.
             Was a Plaything of Xom.
             Slain by a bullfrog zombie (1 damage)
             ... on level 2 of the Dungeon.
             The game lasted 00:01:48 (838 turns).

Inarius the Slasher (Minotaur Chaos Knight)          Turns: 838, Time: 00:01:49

Health: 0/33       AC:  5    Str: 15 (17) XL:     3   Next: 35%
Magic:  2/2        EV: 11    Int:  8 (9)  God:    Xom [..*...]
Gold:   35         SH:  0    Dex:  6 (9)  Spells: 2/2 levels left

rFire    . . .     SeeInvis .   a - +0 falchion (chaos)
rCold    . . .     Gourm    .   (no shield)
rNeg     . . .     Faith    .   b - +2 leather armour
rPois    .         Spirit   .   (helmet restricted)
rElec    .         Reflect  .   (no cloak)
rCorr    .         Harm     .   (no gloves)
MR       .....                  (no boots)
Stlth    +.........             (no amulet)
HPRegen  0.11/turn              (no ring)
MPRegen  0.08/turn              (no ring)

@: flying
A: retaliatory headbutt, horns 2
a: Renounce Religion


You were on level 2 of the Dungeon.
You worshipped Xom.
You were a toy of Xom.
You were not hungry.

You visited 1 branch of the dungeon, and saw 2 of its levels.

You collected 35 gold pieces.

Inventory:

Hand Weapons
 a - a +0 falchion of chaos (weapon)
 e - a +2 spear of venom
Armour
 b - a +2 leather armour (worn)
Jewellery
 j - an uncursed amulet of magic regeneration {unknown}
Scrolls
 d - 3 scrolls of teleportation {unknown}
 h - 2 scrolls of identify {unknown}
 i - a scroll of amnesia {unknown}
 m - a scroll of magic mapping {unknown}
Potions
 k - a potion of degeneration
Comestibles
 c - 4 rations
 l - 6 chunks of flesh


   Skills:
 + Level 3.9 Fighting
 + Level 4.7 Long Blades
 + Level 2.8 Armour
 + Level 1.5 Dodging


You had 2 spell levels left.
You didn't know any spells.
Your spell library was empty.

Dungeon Overview and Level Annotations

Branches:
Dungeon (2/15)

Altars:
Hepliaklqana
Qazlal


Innate Abilities, Weirdness & Mutations

You reflexively headbutt those who attack you in melee.
You have a pair of horns on your head.


Message History

Something hits you.
* * * LOW HITPOINT WARNING * * *
Something hits you.
* * * LOW HITPOINT WARNING * * *
It was a potion of flight.
You feel very buoyant.
You fly up into the air.
Something hits you but does no damage.
It was a potion of magic.
Magic courses through your body.
Xom is highly amused!
Something hits you.
* * * LOW HITPOINT WARNING * * *
It was a potion of degeneration.
There was something very wrong with that liquid.
You feel weakened.
You feel dopey.
You feel clumsy.
Xom thinks this is hilarious!
Something hits you but does no damage. Something hits you.
* * * LOW HITPOINT WARNING * * *
Something hits you.
You die... "This toy is broken."

####.####....≈^.≈^.≈^§≈≈## #. #.#
#.....#.^...###≈# #. #.#
#......##..≈# ^.########.
####.####..§..^^^...#^#^.........
............§.≈..≈...(..########.
.###.####..§..##...##### #. .#
#.# #.######...#############.
.###.# ##+#######..#............[
..##.# #........@....#########.##
..##.# #...######..#.# #.##
..##.# #.....###.....#########.##
..##.# #.....##.................<
..##.# #.....##....#.#.#######.##
...#.###.....##....#.#.# #.##
........................ #.##
#..#.####....##....#.#.## #.#
.....# #.#####.........


There were no monsters in sight!

Vanquished Creatures
  3 dart slugs
  3 leopard geckos
  A giant cockroach (D:2)
  8 goblins
  4 hobgoblins
  2 kobolds (D:1)
  A quokka (D:2)
  4 bats
  A frilled lizard (D:1)
  3 rats (D:1)
30 creatures vanquished.

Notes
Turn   | Place    | Note
-------+----------+-------------------------------------------
     0 | D:1      | Inarius the Minotaur Chaos Knight began the quest for the
                  | Orb.
     0 | D:1      | Reached XP level 1. HP: 19/19 MP: 0/0
   150 | D:1      | Reached skill level 4 in Long Blades
   206 | D:1      | Reached XP level 2. HP: 23/27 MP: 1/1
   578 | D:2      | Found a stormy altar of Qazlal.
   585 | D:2      | Reached XP level 3. HP: 33/33 MP: 2/2
   733 | D:2      | Found a hazy altar of Hepliaklqana.
   835 | D:2      | HP: 1/33 [something (3)]
   838 | D:2      | Slain by a bullfrog zombie

Levels and vault maps discovered:
D:1:      grunt_arrival_crossed_arrows, layout_basic
D:2:      layout_basic, lemuel_crystal_altar, gammafunk_temple_overflow_claw,
          grunt_qazlal_sundering

Skill      XL: |  1 |
---------------+----+-----
Long Blades    | 4 |  4.7
Fighting       | |  3.9
Armour         | |  2.8
Dodging        | |  1.5

Action                   || total
-------------------------++-------
Melee: Falchion          ||    61
       Headbutt          ||     6
  Use: Potion            ||     3
Armor: Leather armour    ||    28
Dodge: Dodged            ||    27
       Rpst.: Falchion   ||     4

Table legend:
 A = Non-vault XP
 B = Vault XP
 C = Vault XP percentage of total XP
 D = Non-vault monster count
 E = Vault monster count
 F = Vault count percentage of total count
                 A         B        C        D         E       F
            +---------+---------+-------+---------+---------+-------
      Total |      61 |       0 |   0.0 |      30 |       0 |   0.0
            +---------+---------+-------+---------+---------+-------
        D:1 |      33 |       0 |   0.0 |      18 |       0 |   0.0
        D:2 |      28 |       0 |   0.0 |      12 |       0 |   0.0
            +---------+---------+-------+---------+---------+-------
